TOP OF THE 1ST |
University of Florida Gators batting - Pitching for California State University at Fullerton Titans : LHP Antonio Velazquez
|
Pitching: LHP Antonio Velazquez
|
|
Batting: RHB Antonio Honorato
|
0-0: Ball 1-0: Foul Ball, location: 2F 1-1: Ball 2-1: Ball 3-1: Base on Balls
|
Batting: RHB Ricky Mejicanos
|
0-0: DOUBLE (Line Drive, 89M, EV 101.9 MPH) Antonio Honorato to third Runner from 3rd tries for Home, throw by RF and OUT! 9-4-2
|
Batting: RHB Kyle Horne
|
0-0: Ground out 4-3 (Groundball, 4D, EV 105.6 MPH) Ricky Mejicanos to third
|
Batting: RHB Alejandro Gomez
|
0-0: Swinging Strike 0-1: Ball 1-1: Ball 2-1: Foul Ball, location: 2F 2-2: Foul Ball, location: 2F 2-2: Ground out 6-3 (Groundball, 6, EV 106.9 MPH)
|
Top of the 1st over - 0 runs, 1 hit, 0 errors, 1 left on base; University of Florida 0 - California State University at Fullerton 0 |
BOTTOM OF THE 1ST |
California State University at Fullerton Titans batting - Pitching for University of Florida Gators : RHP Phil Rankin
|
Pitching: RHP Phil Rankin
|
|
Batting: LHB Newt Peper
|
0-0: Called Strike 0-1: SINGLE (Groundball, 34D, EV 99.4 MPH) (infield hit)
|
Batting: LHB Wing-tat Tai
|
0-0: Fielders Choice at 2nd, 6-4 (Groundball, 6, EV 83.1 MPH)
|
Batting: LHB Zachery Ballard
|
0-0: Foul Ball, location: 2F 0-1: Swinging Strike 0-2: Ball 1-2: Ball 2-2: Ball 3-2: Foul Ball, location: 2F 3-2: Foul Ball, location: 2F 3-2: Strikes out swinging
|
Batting: RHB Azeem bin Zuhair
|
Pickoff Throw to First - Out! 1-3
|
Bottom of the 1st over - 0 runs, 1 hit, 0 errors, 0 left on base; University of Florida 0 - California State University at Fullerton 0 |
TOP OF THE 2ND |
University of Florida Gators batting - Pitching for California State University at Fullerton Titans : LHP Antonio Velazquez
|
Batting: RHB Tim Dower
|
0-0: Called Strike 0-1: Called Strike 0-2: Ball 1-2: Ball 2-2: Foul Ball, location: 2F 2-2: Reached on error, E6 (Groundball, 6D, EV 106.9 MPH)
|
Batting: SHB Milt Andrews
|
0-0: Fly out, F9 (Flyball, 89D, EV 106.2 MPH)
|
Batting: RHB Martin Dudley
|
0-0: SINGLE (Groundball, 4M, EV 100.6 MPH) Tim Dower to second
|
Batting: RHB Troy Bush
|
0-0: Fielders Choice at 2nd, 6-4 (Groundball, 6, EV 86.2 MPH) Tim Dower to third
|
Batting: LHB Oscar Tamayo
|
0-0: Foul Ball, location: 2F 0-1: Ball 1-1: Ball 2-1: Swinging Strike 2-2: Ball 3-2: Base on Balls Troy Bush to second
|
Batting: RHB Antonio Honorato
|
0-0: Called Strike 0-1: Ball 1-1: Ball 2-1: Foul Ball, location: 2F 2-2: Ground out 4-3 (Groundball, 4, EV 88.1 MPH)
|
Top of the 2nd over - 0 runs, 1 hit, 1 error, 3 left on base; University of Florida 0 - California State University at Fullerton 0 |
BOTTOM OF THE 2ND |
California State University at Fullerton Titans batting - Pitching for University of Florida Gators : RHP Phil Rankin
|
Batting: RHB Azeem bin Zuhair
|
0-0: Called Strike 0-1: Ground out 6-3 (Groundball, 6, EV 92.5 MPH)
|
Batting: LHB George Last
|
0-0: Foul Ball, location: 2F 0-1: Ball 1-1: SINGLE (Line Drive, 56, EV 97.5 MPH)
|
Batting: LHB Xue-liang Zhou
|
0-0: SINGLE (Groundball, 56S, EV 69.4 MPH) (infield hit) George Last to second
|
Batting: SHB Dave Ramirez
|
0-0: Swinging Strike 0-1: Foul Ball, location: 2F 0-2: Strikes out swinging
|
Batting: RHB Wan-ling Zhu
|
0-0: Foul Ball, location: 2F 0-1: Ball 1-1: Foul Ball, location: 2F Balk! George Last to third Xue-liang Zhou to second 1-2: Ground out 5-3 (Groundball, 5, EV 84.4 MPH)
|
Bottom of the 2nd over - 0 runs, 2 hits, 0 errors, 2 left on base; University of Florida 0 - California State University at Fullerton 0 |
TOP OF THE 3RD |
University of Florida Gators batting - Pitching for California State University at Fullerton Titans : LHP Antonio Velazquez
|
Batting: RHB Ricky Mejicanos
|
0-0: Ball 1-0: Ball 2-0: Ball 3-0: Called Strike 3-1: Called Strike 3-2: Fly out, F9 (Flyball, 9D, EV 107.5 MPH)
|
Batting: RHB Kyle Horne
|
0-0: Ball 1-0: Ground out 6-3 (Groundball, 6S, EV 86.2 MPH)
|
Batting: RHB Alejandro Gomez
|
0-0: Foul Ball, location: 2F 0-1: Ball 1-1: Ground out 6-3 (Groundball, 6, EV 107.5 MPH)
|
Top of the 3rd over - 0 runs, 0 hits, 0 errors, 0 left on base; University of Florida 0 - California State University at Fullerton 0 |
BOTTOM OF THE 3RD |
California State University at Fullerton Titans batting - Pitching for University of Florida Gators : RHP Phil Rankin
|
Batting: RHB Chase Reiner
|
0-0: Ball 1-0: Called Strike 1-1: Called Strike 1-2: Ball 2-2: Fly out, F8 (Flyball, 78D, EV 95.0 MPH)
|
Batting: LHB Newt Peper
|
0-0: SINGLE (Groundball, 4M, EV 91.9 MPH) (infield hit)
|
Batting: LHB Wing-tat Tai
|
0-0: Ball Newt Peper steals 2nd base (no throw) 1-0: Called Strike Newt Peper steals 3rd base 1-1: Ground out 6-3 (Groundball, 6, EV 90.0 MPH) Newt Peper scores
|
Batting: LHB Zachery Ballard
|
0-0: Called Strike 0-1: Ball 1-1: Ball 2-1: Foul Ball, location: 2F 2-2: Ball 3-2: Base on Balls
|
Batting: RHB Azeem bin Zuhair
|
0-0: Called Strike 0-1: Ball 1-1: Ball 2-1: SINGLE (Groundball, 56S, EV 73.8 MPH) (infield hit) Zachery Ballard to second
|
Batting: LHB George Last
|
0-0: Ground out U3 (Groundball, 34, EV 83.1 MPH)
|
Bottom of the 3rd over - 1 run, 2 hits, 0 errors, 2 left on base; University of Florida 0 - California State University at Fullerton 1 |
TOP OF THE 4TH |
University of Florida Gators batting - Pitching for California State University at Fullerton Titans : LHP Antonio Velazquez
|
Batting: RHB Tim Dower
|
0-0: Called Strike 0-1: Ball 1-1: Fly out, F9 (Flyball, 9LM, EV 102.5 MPH)
|
Batting: SHB Milt Andrews
|
0-0: Foul Ball, location: 2F 0-1: Called Strike 0-2: Strikes out swinging
|
Batting: RHB Martin Dudley
|
0-0: Ball 1-0: Ball 2-0: Foul Ball, location: 2F 2-1: Swinging Strike 2-2: Strikes out looking
|
Top of the 4th over - 0 runs, 0 hits, 0 errors, 0 left on base; University of Florida 0 - California State University at Fullerton 1 |
BOTTOM OF THE 4TH |
California State University at Fullerton Titans batting - Pitching for University of Florida Gators : RHP Phil Rankin
|
Batting: LHB Xue-liang Zhou
|
0-0: Ball 1-0: Called Strike 1-1: Ball 2-1: Ball 3-1: Base on Balls
|
Batting: SHB Dave Ramirez
|
0-0: Ball 1-0: Swinging Strike 1-1: SINGLE (Groundball, 4MD, EV 108.1 MPH) Xue-liang Zhou to second
|
Batting: RHB Wan-ling Zhu
|
0-0: DOUBLE (Line Drive, 8LD, EV 110.0 MPH) Xue-liang Zhou scores Dave Ramirez to third
|
Batting: RHB Chase Reiner
|
0-0: Ball 1-0: Swinging Strike 1-1: Foul Ball, location: 2F 1-2: Foul Ball, location: 2F 1-2: Ground out 3-1 (Groundball, 34, EV 86.9 MPH) Dave Ramirez scores Wan-ling Zhu to third
|
Batting: LHB Newt Peper
|
0-0: Called Strike 0-1: Ball 1-1: Ball 2-1: Ball 3-1: Foul Ball, location: 2F 3-2: Foul Ball, location: 2F 3-2: Base on Balls
|
Batting: LHB Wing-tat Tai
|
0-0: Foul Ball, location: 2F 0-1: Ball 1-1: Ball 2-1: Ball 3-1: Called Strike 3-2: Base on Balls Newt Peper to second
|
Batting: LHB Zachery Ballard
|
0-0: Ball 1-0: Foul Ball, location: 2F 1-1: Called Strike 1-2: Ball 2-2: Ball 3-2: Base on Balls Wan-ling Zhu scores Newt Peper to third Wing-tat Tai to second
|
Pitching: LHP Tony Gutierrez
|
|
Batting: RHB Azeem bin Zuhair
|
0-0: Fly out, F7 (Flyball, 78D, EV 102.5 MPH) Runner from 3rd tags up, SCORES, throw by LF
|
Batting: LHB George Last
|
0-0: Ball 1-0: Ball 2-0: Called Strike 2-1: Ball 3-1: Foul Ball, location: 2F 3-2: Base on Balls Wing-tat Tai to third Zachery Ballard to second
|
Batting: LHB Xue-liang Zhou
|
0-0: Called Strike 0-1: Ball 1-1: Ball 2-1: DOUBLE (Line Drive, 8LD, EV 97.5 MPH) Wing-tat Tai scores Zachery Ballard scores George Last to third Runner from 3rd tries for Home, SAFE, throw by CF to home
|
Batting: SHB Dave Ramirez
|
0-0: Ball 1-0: Ball 2-0: Ball 3-0: Called Strike 3-1: 2-RUN HOME RUN (Flyball, 7D, EV 111.2 MPH), Distance : 422 ft
|
Batting: RHB Wan-ling Zhu
|
0-0: Ball 1-0: Called Strike 1-1: SINGLE (Groundball, 56S, EV 72.5 MPH) (infield hit)
|
Batting: RHB Chase Reiner
|
0-0: Swinging Strike 0-1: Called Strike 0-2: Foul Ball, location: 2F 0-2: Ball 1-2: Ball 2-2: Ball 3-2: Base on Balls Wan-ling Zhu to second
|
Pinch Hitting: RHB Andy Zamora
|
0-0: Called Strike 0-1: Foul Ball, location: 2F 0-2: Hit by Pitch Wan-ling Zhu to third Chase Reiner to second
|
Batting: LHB Wing-tat Tai
|
0-0: Called Strike 0-1: SINGLE (Groundball, 34D, EV 108.1 MPH) Wan-ling Zhu scores Chase Reiner to third Andy Zamora to second Runner from 3rd tries for Home, throw by RF and OUT! 9-2
|
Bottom of the 4th over - 10 runs, 6 hits, 0 errors, 2 left on base; University of Florida 0 - California State University at Fullerton 11 |
TOP OF THE 5TH |
University of Florida Gators batting - Pitching for California State University at Fullerton Titans : LHP Antonio Velazquez
|
Pitching: RHP Mike Hebron
|
|
Now at 3B: Andy Zamora
|
|
Batting: RHB Troy Bush
|
0-0: Ball 1-0: DOUBLE (Line Drive, 9LS, EV 111.2 MPH)
|
Batting: LHB Oscar Tamayo
|
0-0: Ball 1-0: Swinging Strike 1-1: Foul Ball, location: 2F 1-2: Foul Ball, location: 2F 1-2: Strikes out swinging
|
Batting: RHB Antonio Honorato
|
0-0: Ball 1-0: Ball 2-0: Ground out 6-3 (Groundball, 6, EV 106.2 MPH)
|
Batting: RHB Ricky Mejicanos
|
0-0: Foul Ball, location: 2F 0-1: Swinging Strike 0-2: Foul Ball, location: 2F 0-2: Strikes out looking
|
Top of the 5th over - 0 runs, 1 hit, 0 errors, 1 left on base; University of Florida 0 - California State University at Fullerton 11 |
BOTTOM OF THE 5TH |
California State University at Fullerton Titans batting - Pitching for University of Florida Gators : LHP Tony Gutierrez
|
Pitching: RHP James Campbell
|
|
Batting: RHB Guillermo Arredondo
|
0-0: Ground out 6-3 (Groundball, 6, EV 101.9 MPH)
|
Pinch Hitting: LHB Wu-han Sun
|
0-0: Ball 1-0: Ball 2-0: Foul Ball, location: 2F 2-1: Ball 3-1: Fly out, F7 (Flyball, 7, EV 90.0 MPH)
|
Pinch Hitting: SHB Guy Christensen
|
0-0: Ball 1-0: Ground out 1-3 (Groundball, 13S, EV 70.6 MPH)
|
Bottom of the 5th over - 0 runs, 0 hits, 0 errors, 0 left on base; University of Florida 0 - California State University at Fullerton 11 |
TOP OF THE 6TH |
University of Florida Gators batting - Pitching for California State University at Fullerton Titans : RHP Mike Hebron
|
Now in LF: Terciero Ortiz
|
|
Now in RF: Wu-han Sun
|
|
Batting: RHB Kyle Horne
|
0-0: Ball 1-0: Ball 2-0: Ground out 5-3 (Groundball, 56S, EV 77.5 MPH)
|
Batting: RHB Alejandro Gomez
|
0-0: Swinging Strike 0-1: Foul Ball, location: 2F 0-2: Strikes out swinging, 2-3 out at first.
|
Batting: RHB Tim Dower
|
0-0: Called Strike 0-1: Swinging Strike 0-2: Foul Ball, location: 2F 0-2: Ball 1-2: Ground out 4-3 (Groundball, 34, EV 99.4 MPH)
|
Top of the 6th over - 0 runs, 0 hits, 0 errors, 0 left on base; University of Florida 0 - California State University at Fullerton 11 |
BOTTOM OF THE 6TH |
California State University at Fullerton Titans batting - Pitching for University of Florida Gators : RHP James Campbell
|
Pinch Hitting: RHB Ricky Alvarado
|
0-0: Ball 1-0: Fly out, F7 (Flyball, 7, EV 80.0 MPH)
|
Pinch Hitting: RHB Oscar Ferrer
|
0-0: Ball 1-0: Called Strike 1-1: Swinging Strike 1-2: SINGLE (Groundball, 34D, EV 108.1 MPH)
|
Batting: RHB Wan-ling Zhu
|
0-0: Ball 1-0: Called Strike 1-1: Foul Ball, location: 2F 1-2: Ball 2-2: Ball 3-2: Foul Ball, location: 2F 3-2: Foul Ball, location: 2F 3-2: Base on Balls Oscar Ferrer to second
|
DELAY
|
Rain delay of 21 minutes in the 6th inning.
|
Batting: RHB Chase Reiner
|
0-0: Ball 1-0: Called Strike 1-1: Ball 2-1: Ball 3-1: Foul Ball, location: 2F 3-2: Base on Balls Oscar Ferrer to third Wan-ling Zhu to second
|
Batting: RHB Andy Zamora
|
0-0: Called Strike 0-1: Foul Ball, location: 2F 0-2: Foul Ball, location: 2F 0-2: Strikes out swinging
|
Batting: LHB Wing-tat Tai
|
0-0: Called Strike 0-1: Called Strike 0-2: Ball 1-2: Ball 2-2: Ball 3-2: Base on Balls Oscar Ferrer scores Wan-ling Zhu to third Chase Reiner to second
|
Batting: RHB Guillermo Arredondo
|
0-0: Ball 1-0: Swinging Strike 1-1: Foul Ball, location: 2F 1-2: Strikes out swinging
|
Bottom of the 6th over - 1 run, 1 hit, 0 errors, 3 left on base; University of Florida 0 - California State University at Fullerton 12 |
TOP OF THE 7TH |
University of Florida Gators batting - Pitching for California State University at Fullerton Titans : RHP Mike Hebron
|
Now at 1B: Alex Salazar
|
|
Now at 2B: Oscar Ferrer
|
|
Now at SS: Wan-ling Zhu
|
|
Batting: SHB Milt Andrews
|
0-0: Ball 1-0: Ground out 4-3 (Groundball, 4, EV 84.4 MPH)
|
Batting: RHB Martin Dudley
|
0-0: Called Strike 0-1: Ball 1-1: Ball 2-1: DOUBLE (Line Drive, 78XD, EV 105.6 MPH)
|
Batting: RHB Troy Bush
|
0-0: Foul Ball, location: 2F 0-1: Called Strike 0-2: Ball 1-2: Strikes out swinging
|
Pinch Hitting: RHB Seung-hyeon Yi
|
0-0: Foul Ball, location: 2F 0-1: Ball Wild Pitch! Martin Dudley to third 1-1: Ball 2-1: Called Strike 2-2: Ball 3-2: Strikes out swinging
|
Top of the 7th over - 0 runs, 1 hit, 0 errors, 1 left on base; University of Florida 0 - California State University at Fullerton 12 |
BOTTOM OF THE 7TH |
California State University at Fullerton Titans batting - Pitching for University of Florida Gators : RHP James Campbell
|
Now at SS: Seung-hyeon Yi
|
|
Batting: LHB Wu-han Sun
|
0-0: Ground out U3 (Groundball, 23, EV 90.0 MPH)
|
Batting: SHB Terciero Ortiz
|
0-0: Ball 1-0: Foul Ball, location: 2F 1-1: Ball 2-1: Foul Ball, location: 2F 2-2: Ball 3-2: Foul Ball, location: 2F 3-2: Strikes out swinging
|
Batting: RHB Alex Salazar
|
0-0: DOUBLE (Line Drive, 78D, EV 111.2 MPH)
|
Batting: RHB Oscar Ferrer
|
0-0: Ball 1-0: Foul Ball, location: 2F 1-1: Ball 2-1: Foul Ball, location: 2F 2-2: Fly out, F4 (Line Drive, 4, EV 67.5 MPH)
|
Bottom of the 7th over - 0 runs, 1 hit, 0 errors, 1 left on base; University of Florida 0 - California State University at Fullerton 12 |
TOP OF THE 8TH |
University of Florida Gators batting - Pitching for California State University at Fullerton Titans : RHP Mike Hebron
|
Pinch Hitting: RHB Eddie Luna
|
0-0: Ball 1-0: Ball 2-0: Foul Ball, location: 2F 2-1: Ground out 6-3 (Groundball, 6, EV 87.5 MPH)
|
Batting: RHB Ricky Mejicanos
|
0-0: Called Strike 0-1: Ball 1-1: Ground out 5-3 (Groundball, 56, EV 85.6 MPH)
|
Pinch Hitting: RHB J.J. Grabeel
|
0-0: Swinging Strike 0-1: Ball 1-1: Ball 2-1: Swinging Strike 2-2: Foul Ball, location: 2F 2-2: Ground out 3-1 (Groundball, 34S, EV 93.1 MPH)
|
Top of the 8th over - 0 runs, 0 hits, 0 errors, 0 left on base; University of Florida 0 - California State University at Fullerton 12 |
BOTTOM OF THE 8TH |
California State University at Fullerton Titans batting - Pitching for University of Florida Gators : RHP James Campbell
|
Pitching: LHP Justin Fulmer
|
|
Now at 2B: J.J. Grabeel
|
|
Now at 3B: Eddie Luna
|
|
Pinch Hitting: LHB Mike Fielden
|
0-0: Ball 1-0: Ball 2-0: Foul Ball, location: 2F 2-1: Ground out 4-3 (Groundball, 4M, EV 84.4 MPH)
|
Batting: RHB Chase Reiner
|
0-0: Foul Ball, location: 2F 0-1: Called Strike 0-2: Strikes out swinging
|
Batting: RHB Andy Zamora
|
0-0: Ball 1-0: Called Strike 1-1: SINGLE (Groundball, 6MD, EV 103.1 MPH)
|
Pinch Hitting: LHB Walt van der Rest
|
0-0: Ball 1-0: Ball 2-0: Ball 3-0: Called Strike 3-1: Fly out, F3 (Popup, 34, EV 80.0 MPH)
|
Bottom of the 8th over - 0 runs, 1 hit, 0 errors, 1 left on base; University of Florida 0 - California State University at Fullerton 12 |
TOP OF THE 9TH |
University of Florida Gators batting - Pitching for California State University at Fullerton Titans : RHP Mike Hebron
|
Pitching: RHP Jayden Wellby
|
|
Now at SS: Mike Fielden
|
|
Now in CF: Walt van der Rest
|
|
Pinch Hitting: RHB Matt Breaux
|
0-0: Called Strike 0-1: SINGLE (Groundball, 6D, EV 93.8 MPH)
|
Pinch Hitting: RHB Jay Proctor
|
0-0: Called Strike 0-1: Ball 1-1: Fielders Choice at 2nd, 1-6 (Groundball, 13, EV 64.4 MPH)
|
Pinch Hitting: LHB Jared Calderon
|
0-0: Swinging Strike 0-1: Ball 1-1: Foul Ball, location: 2F 1-2: Ball 2-2: Ball 3-2: TRIPLE (Flyball, 78XD, EV 98.8 MPH) Jay Proctor scores
|
Pinch Hitting: RHB Vinny Esquivel
|
0-0: SINGLE (Groundball, 56D, EV 103.8 MPH) Jared Calderon scores
|
Batting: SHB Rich Hood
|
0-0: Swinging Strike 0-1: Ball 1-1: Ball 2-1: 2-RUN HOME RUN (Line Drive, 9LD, EV 95.6 MPH), Distance : 353 ft
|
Pitching: RHP Tony Rivera
|
|
Pinch Hitting: LHB Alfonso Flores
|
0-0: Reached on error, E3 (Groundball, 3L, EV 86.2 MPH)
|
Pinch Hitting: RHB Jake Wood
|
0-0: Ball 1-0: Ball 2-0: Ball 3-0: Called Strike 3-1: Called Strike 3-2: Foul Ball, location: 2F 3-2: Fly out, F8 (Line Drive, 8RM, EV 96.2 MPH)
|
Pinch Hitting: LHB Carlos Palau
|
0-0: Ball 1-0: Ball 2-0: Foul Ball, location: 2F 2-1: Ball 3-1: Fly out, F7 (Flyball, 78S, EV 83.1 MPH)
|
Top of the 9th over - 4 runs, 4 hits, 1 error, 1 left on base; University of Florida 4 - California State University at Fullerton 12 |
|